 Dungeon Crawl Stone Soup version 0.22-a0-538-g76cc104 (webtiles) character file.

5756 Hebeh the Cleaver (level 10, -4/91 HPs)
             Began as a Minotaur Fighter on June 23, 2018.
             Was a Follower of Trog.
             Slain by a death yak (5 damage)
             ... on level 9 of the Dungeon.
             The game lasted 00:24:01 (7670 turns).

Hebeh the Cleaver (Minotaur Fighter)                Turns: 7670, Time: 00:24:02

Health: -4/91      AC:  9    Str: 27    XL:     10   Next: 49%
Magic:  10/10      EV:  9    Int:  5    God:    Trog [*.....]
Gold:   502        SH: 13    Dex: 10    Spells: 9/9 levels left

rFire    . . .     SeeInvis .   a - +0 war axe
rCold    . . .     Gourm    .   c - +1 shield
rNeg     . . .     Faith    .   b - +0 scale mail
rPois    .         Spirit   .   (helmet restricted)
rElec    .         Reflect  .   g - +0 cloak
rCorr    .         Harm     .   (no gloves)
MR       +....                  (no boots)
Stlth    ..........             (no amulet)
HPRegen  0.25/turn              u - ring of protection from magic
MPRegen  0.12/turn              r - ring of Oenomania {+Fly Str+3}

@: no status effects
A: retaliatory headbutt, horns 2
a: Berserk, Renounce Religion, Evoke Flight


You were on level 9 of the Dungeon.
You worshipped Trog.
Trog was aware of your devotion.
You were very hungry.

You visited 2 branches of the dungeon, and saw 10 of its levels.

You collected 502 gold pieces.

Inventory:

Hand Weapons
 a - a +0 war axe (weapon)
 o - a +3 short sword of draining
 p - a +1 vampiric dagger
Armour
 b - a +0 scale mail (worn)
 c - a +1 shield (worn)
 g - a +0 cloak (worn)
Jewellery
 r - the ring of Oenomania (right hand) {+Fly Str+3}
   (You found it on level 5 of the Dungeon)

   [ring of strength]

   It affects your strength (+3).
   It lets you fly.
 u - a ring of protection from magic (left hand)
Wands
 v - a wand of enslavement (4)
 x - a wand of paralysis (12)
 y - a wand of iceblast (6)
 A - a wand of flame (22)
 D - a wand of random effects (14)
 E - a wand of disintegration (12)
Scrolls
 e - 5 scrolls of teleportation
 k - 2 scrolls of remove curse
 m - 2 scrolls of identify
 n - a scroll of fear
 q - 2 scrolls of fog
 s - 2 scrolls of magic mapping
Potions
 d - 2 potions of might
 h - 3 potions of heal wounds
 i - 3 potions of curing
 j - 3 potions of invisibility
 l - a potion of haste {unknown}
 t - a potion of lignification {unknown}
 z - a potion of flight {unknown}
 C - a potion of resistance {unknown}
 F - a potion of brilliance {unknown}
Comestibles
 f - 18 rations


   Skills:
 + Level 9.1 Fighting
 * Level 11.8 Axes
 + Level 9.1 Armour
 + Level 9.1 Shields
 + Level 2.3 Evocations


You had 9 spell levels left.
You didn't know any spells.
Your spell library contained the following spells:

 Spells                   Type           Power        Failure   Level  Hunger
 Magic Dart               Conj           #...         92%         1    ##.....
 Iskenderun's Mystic Bla  Conj           #.......     100%        4    #####..
 Fulminant Prism          Conj/Hex       #.........   100%        4    #####..
 Dazzling Spray           Conj/Hex       #.....       100%        3    ####...
 Force Lance              Conj/Tloc      #.......     100%        4    #####..
 Searing Ray              Conj           #.....       98%         2    ###....


Dungeon Overview and Level Annotations

Branches:
Dungeon (9/15)             Temple (1/1) D:4
   Lair: D:8-11         Orc: D:9-12

Altars:
Ashenzari
Cheibriados
Dithmenos
Elyvilon
Fedhas
Gozag
Hepliaklqana
Makhleb
Nemelex Xobeh
Okawaru
Ru
Sif Muna
Trog
Uskayaw
Vehumet
Wu Jian
Xom
Yredelemnul
Zin
The Shining One

Shops:
D:4 [   D:8 (


Innate Abilities, Weirdness & Mutations

You reflexively headbutt those who attack you in melee.
You have a pair of horns on your head.


Message History

The death yak is moderately wounded.
The death yak gores you!
* * * LOW HITPOINT WARNING * * *
Your shield and scale mail prevent you from hitting the death yak.
The death yak is moderately wounded.
The death yak barely misses you.
You hit the death yak but do no damage. You headbutt the death yak!
The death yak is moderately wounded.
The death yak gores you!!
* * * LOW HITPOINT WARNING * * *
A yak comes into view.
The yak bellows!
You hit the death yak but do no damage.
The death yak is moderately wounded.
The death yak gores you.
* * * LOW HITPOINT WARNING * * *
Your shield prevents you from hitting the death yak.
The death yak is moderately wounded.
The death yak gores you.
You die...

....#.....# #......rro#
.......oYY# .Y...rY.Yr#
.....####Y# .... #r# ..#
#r# ### . #Y# #.# #@#
#.########## #######.#
#....<...... ........#
#...........
........#####...........
...................#####
....[..............#
..............####.#
..............# ##
..............#


You could see a death yak, 4 yaks, 2 porcupines, a river rat, an orc and a rat.

Vanquished Creatures
  A two-headed ogre (D:8)
  A death yak (D:9)
  A human (D:7)
  Eustachio (D:4)
  A yak (D:7)
  3 hogs (D:7)
  2 porcupines (D:9)
  3 orc warriors
  4 sky beasts
  4 ice beasts
  5 ogres
  2 phantoms
  3 centaurs (D:6)
  Blork the orc (D:5)
  A big kobold (D:7)
  A wyvern zombie (D:7)
  3 bullfrogs
  2 wyvern skeletons (D:6)
  A water moccasin zombie (D:8)
  A crimson imp (D:7)
  3 jellies (D:6)
  5 orc priests
  3 hounds
  5 orc wizards
  3 bullfrog skeletons
  2 iguanas
  4 worker ants
  2 hound skeletons
  4 gnolls (D:3)
  11 adders
  An ooze (D:2)
  An adder skeleton (D:8)
  7 worms
  2 dart slugs (D:1)
  4 leopard geckos
  42 orcs
  2 bats (D:1)
  10 giant cockroaches
  3 goblins (D:3)
  8 hobgoblins
  9 jackals
  2 quokkas
  A ball python (D:4)
  2 frilled lizards (D:2)
  A jackal zombie (D:6)
  11 kobolds
  A leopard gecko zombie (D:7)
  A quokka skeleton (D:5)
  8 rats
199 creatures vanquished.

Vanquished Creatures (others)
  An orc wizard (D:7)
1 creature vanquished.

Grand Total: 200 creatures vanquished

Notes
Turn   | Place    | Note
-------+----------+-------------------------------------------
     0 | D:1      | Hebeh the Minotaur Fighter began the quest for the Orb.
     0 | D:1      | Reached XP level 1. HP: 19/19 MP: 0/0
   144 | D:1      | Reached XP level 2. HP: 22/27 MP: 1/1
   282 | D:1      | Reached skill level 3 in Axes
   713 | D:2      | Found a burning altar of Makhleb.
   716 | D:2      | Reached XP level 3. HP: 31/33 MP: 2/2
   897 | D:2      | Reached XP level 4. HP: 29/40 MP: 3/3
  1069 | D:2      | Noticed a hand axe
  1071 | D:2      | Noticed a hand axe
  1075 | D:2      | Found a hide-covered altar of Uskayaw.
  1329 | D:3      | Reached skill level 4 in Axes
  1371 | D:3      | Reached XP level 5. HP: 36/47 MP: 4/4
  1731 | D:3      | Reached skill level 5 in Axes
  1752 | D:3      | Reached XP level 6. HP: 23/55 MP: 5/5
  1989 | D:3      | Reached skill level 5 in Fighting
  1989 | D:3      | Reached skill level 5 in Armour
  1989 | D:3      | Reached skill level 5 in Shields
  2060 | D:3      | Found a sparkling altar of Nemelex Xobeh.
  2680 | D:4      | Reached skill level 6 in Axes
  2732 | D:4      | Found Postracko's Antique Armour Emporium.
  2787 | D:4      | Reached XP level 7. HP: 41/61 MP: 6/6
  3285 | D:4      | Noticed Eustachio
  3312 | D:4      | Killed Eustachio
  3348 | D:4      | Found a staircase to the Ecumenical Temple.
  3358 | Temple   | Entered the Ecumenical Temple
  3746 | D:5      | Entered Level 5 of the Dungeon
  3859 | D:5      | Reached skill level 7 in Axes
  3926 | D:5      | Noticed Blork the orc
  3934 | D:5      | Killed Blork the orc
  4054 | D:5      | Reached XP level 8. HP: 67/70 MP: 7/7
  4140 | D:5      | Got a wavering glass ring
  4435 | D:6      | Reached skill level 8 in Axes
  5128 | D:6      | Reached skill level 9 in Axes
  5596 | D:7      | Reached XP level 9. HP: 79/79 MP: 8/8
  5867 | D:7      | Found a bloodstained altar of Trog.
  5875 | D:7      | Became a worshipper of Trog the Wrathful
  6153 | D:7      | Reached skill level 10 in Axes
  6664 | D:7      | Found a faded altar of an unknown god.
  6664 | D:7      | Found a glowing silver altar of Zin.
  6669 | D:7      | Found a shattered altar of Ashenzari.
  6671 | D:7      | Found a bloodstained altar of Trog.
  6672 | D:7      | Found a hazy altar of Hepliaklqana.
  6765 | D:7      | Identified the ring of Oenomania {+Fly Str+3} (You found it on level 5 of the Dungeon)
  6806 | D:8      | Noticed a two-headed ogre
  6821 | D:8      | Killed a two-headed ogre
  6821 | D:8      | Reached * piety under Trog
  6821 | D:8      | Reached skill level 11 in Axes
  6821 | D:8      | Reached skill level 1 in Evocations
  6821 | D:8      | Reached XP level 10. HP: 73/90 MP: 9/9
  7265 | D:8      | Found Jaolanki's Weapon Emporium.
  7636 | D:9      | Noticed a death yak
  7654 | D:9      | Noticed a death yak
  7665 | D:9      | Killed a death yak
  7668 | D:9      | HP: 2/91 [death yak (26)]
  7670 | D:9      | Slain by a death yak

Vault maps used:
D:1:      ncdulo_lavacross, kennysheep_small_spiral
D:2:      dancing_weapons_uskayaw, minivault_27, makhleb_heckhound_becter
D:3:      nemelex_xobeh_ov_fountains_minmay, gup_sewer_entry_bowl,
          nrook_loot_triangle
D:4:      minmay_temple_entry_overgrown, first_ration, serial_shops,
          nicolae_shop_crystal, uniq_eustachio
D:5:      kennysheep_generic_room_9, uniq_blork_the_orc
D:6:      kennysheep_decorative_pillar
D:7:      chequers_temple_overflow_minitemple, basic_altar, grunt_livestock
D:8:      serial_shops, nicolae_shop_statue_plus
D:9:      lemuel_crystal_altar, lemuel_zombie_altar_kikubaaqudgha,
          dpeg_lair_monsters, gammafunk_ghost_hydra_chop
Temple:   dpeg_chambers_temple

Skill      XL: |  1  2  3  4  5  6  7  8  9 10 |
---------------+-------------------------------+-----
Axes           | 3 4 5 6 7 9 11 | 11.8
Fighting       | 4 5 6 7 8 9 |  9.1
Armour         | 4 5 6 7 8 9 |  9.1
Shields        | 4 5 6 7 8 9 |  9.1
Evocations     | 1 2 |  2.3

Action                   |  1- 3 |  4- 6 |  7- 9 | 10-12 || total
-------------------------+-------+-------+-------+-------++-------
Melee: War axe           |    52 |   128 |   323 |    79 ||   582
       Headbutt          |     9 |    20 |    56 |    11 ||    96
  Use: Scroll            |       |     8 |       |     5 ||    13
  Eat: Chunk             |       |     6 |    13 |     2 ||    21
Armor: Scale mail        |    15 |    23 |   112 |    20 ||   170
Dodge: Dodged            |    17 |    27 |    75 |    19 ||   138
Block: Shield            |    20 |    63 |   220 |    39 ||   342

Table legend:
 A = Spawn XP
 B = Non-spawn XP
 C = Spawn XP percentage of total XP
 D = Spawn monster count
 E = Non-spawn monster count
 F = Spawn count percentage of total count
 G = Total turns spent on level
                    A         B        C        D         E        F      G
               +---------+---------+-------+---------+---------+-------+---------
         Total |       0 |    8223 |   0.0 |       0 |     200 |   0.0 |  7670
               +---------+---------+-------+---------+---------+-------+---------
           D:1 |       0 |      29 |   0.0 |       0 |      15 |   0.0 |   683
           D:2 |       0 |      77 |   0.0 |       0 |      12 |   0.0 |   562
           D:3 |       0 |     594 |   0.0 |       0 |      43 |   0.0 |  1432
           D:4 |       0 |     433 |   0.0 |       0 |      22 |   0.0 |   856
           D:5 |       0 |     362 |   0.0 |       0 |       8 |   0.0 |   537
           D:6 |       0 |    1266 |   0.0 |       0 |      36 |   0.0 |  1301
           D:7 |       0 |    2419 |   0.0 |       0 |      38 |   0.0 |  1183
           D:8 |       0 |    1895 |   0.0 |       0 |      23 |   0.0 |   848
           D:9 |       0 |    1148 |   0.0 |       0 |       3 |   0.0 |    55
               +---------+---------+-------+---------+---------+-------+---------
